 Dungeon Crawl Stone Soup version 0.20.0-8-g6b59dc7 (webtiles) character file.

2130 Chiseanne the Magician (level 9, -12/54 HPs)
             Began as a Deep Elf Arcane Marksman on June 2, 2017.
             Was an Initiate of Gozag.
             Mangled by an orc warrior
             ... wielding a +1 war axe of flaming
              (13 damage)
             ... on level 8 of the Dungeon.
             The game lasted 00:14:51 (8169 turns).

Chiseanne the Magician (Deep Elf Arcane Marksman)   Turns: 8169, Time: 00:14:51

Health: -12/54     AC:  8    Str: 10    XL:     9   Next: 8%
Magic:  7/7        EV: 12    Int: 22    God:    Gozag
Gold:   571        SH:  0    Dex: 15    Spells: 20/23 levels left

rFire    . . .     SeeInvis .   B - +8 quarterstaff "Killer Klown's Foe" {antimagic, Fragile +Inv Int+3}
rCold    . . .     Gourm    .   (shield currently unavailable)
rNeg     . . .     Faith    .   K - +0 scale mail
rPois    .         Spirit   .   n - +0 helmet
rElec    .         Reflect  .   I - scarf {repulsion}
rCorr    .         Harm     .   (no gloves)
MR       .....                  (no boots)
Stlth    ..........             (no amulet)
Regen    0.2/turn               (no ring)
MPRegen  0.1/turn               (no ring)

@: gold aura, repel missiles
A: no striking features
a: Potion Petition, Call Merchant, Bribe Branch, Renounce Religion, Evoke
Invisibility


You were on level 8 of the Dungeon.
You worshipped Gozag.
Gozag was pleased with you.
You were not hungry.

You visited 2 branches of the dungeon, and saw 9 of its levels.

You collected 601 gold pieces.
You paid 30 gold pieces to Gozag.

Inventory:

Hand Weapons
 a - a +1 hand axe
 l - a +2 falchion of protection
 u - the +8 dagger of the Vulture {freeze, rF+, unknown}
   (You found it on level 4 of the Dungeon)

   It has been specially enchanted to freeze those struck by it, causing extra
   injury to most foes and up to half again as much damage against particularly
   susceptible opponents.
   It can also slow down cold-blooded creatures.
   It protects you from fire.
 v - a cursed +0 short sword
 w - a +0 hand crossbow
 B - the +8 quarterstaff "Killer Klown's Foe" (weapon) {antimagic, Fragile +Inv Int+3}
   (You found it on level 4 of the Dungeon)

   It reduces the magical energy of the wielder, and disrupts the spells and
   magical abilities of those hit.
   Natural abilities and divine invocations are not affected.
   It affects your intelligence (+3).
   It lets you turn invisible.
   It will be destroyed if unequipped.
Missiles
 d - 20 bolts
 e - 109 sling bullets
 g - 268 stones (quivered)
 p - 30 arrows
 r - 8 tomahawks
 s - 2 poisoned tomahawks
 t - 4 tomahawks of returning
 x - 12 poisoned needles
Armour
 n - a +0 helmet (worn)
 I - a scarf of repulsion (worn)
 K - a +0 scale mail (worn)
Jewellery
 q - an uncursed ring of positive energy {unknown}
 C - an uncursed ring of flight {unknown}
 M - a +3 ring of strength {unknown}
Scrolls
 k - 2 scrolls of fog
 o - 3 scrolls of blinking
 y - a scroll of immolation
 A - a scroll of recharging
 F - a scroll of magic mapping
Potions
 b - a potion of flight {unknown}
 i - a potion of invisibility {unknown}
 j - a potion of cancellation {unknown}
 m - a potion of degeneration {unknown}
 z - 2 potions of curing {unknown}
 E - a potion of berserk rage {unknown}
 H - a potion of ambrosia {unknown}
 L - a potion of lignification {unknown}
 N - a potion of heal wounds
Books
 c - a book of Debilitation

   Spells                             Type                      Level
   a - Corona                         Hexes                        1
   b - Slow                           Hexes                        2
   c - Inner Flame                    Hexes/Fire                   3
   d - Portal Projectile              Hexes/Translocation          3
   e - Cause Fear                     Hexes                        4
   f - Leda's Liquefaction            Hexes/Earth                  4
 G - a book of Necromancy

   Spells                             Type                      Level
   a - Pain                           Necromancy                   1
   b - Animate Skeleton               Necromancy                   1
   c - Vampiric Draining              Necromancy                   3
   d - Regeneration                   Charms/Necromancy            3
   e - Animate Dead                   Necromancy                   4
   f - Control Undead                 Necromancy                   4
Comestibles
 f - 5 bread rations
 h - a meat ration
 O - a royal jelly


   Skills:
 * Level 5.1 Fighting
 - Level 1.7 Crossbows
 * Level 4.6 Armour
 * Level 7.6 Dodging
 * Level 7.9 Spellcasting
 - Level 4.0 Hexes


You had 20 spell levels left.
You knew the following spells:

 Your Spells              Type           Power        Failure   Level  Hunger
a - Corona                Hex            ####...      9%          1    None
b - Slow                  Hex            ####....     13%         2    None


Dungeon Overview and Level Annotations

Branches:
Dungeon (8/15)             Temple (1/1) D:4
   Lair: D:8-11

Altars:
Ashenzari
Cheibriados
Dithmenos
Elyvilon
Fedhas
Gozag
Hepliaklqana
Kikubaaqudgha
Makhleb
Nemelex Xobeh
Okawaru
Qazlal
Ru
Sif Muna
Trog
Uskayaw
Vehumet
Xom
Yredelemnul
Zin
The Shining One


Message History

16 gold pieces; an uncursed shortbow of freezing; 19 arrows You sock the leopard gecko zombie!
You destroy the leopard gecko zombie!
You see here 8 gold pieces.
You hit the orc warrior but do no damage.
The orc warrior hits you with a war axe of flaming.
The orc warrior burns you.
You sock the orc warrior!
The orc warrior is moderately wounded.
The orc warrior hits you with a war axe of flaming!!
The orc warrior burns you.
The orc warrior hits you with a war axe of flaming!
* * * LOW HITPOINT WARNING * * *
The orc warrior burns you.
* * * LOW HITPOINT WARNING * * *
You closely miss the orc warrior.
The orc warrior is moderately wounded.
The orc warrior hits you with a war axe of flaming!
You die...
Your body crumbles into a pile of gold.

. ..o..
....#############......
............#..)..o.#
.......####(#.#####....
....... #(.....# .
....... ###......# $
.5..... #oo......#
....... #o#......#
....... #@#.......#
.....oo #$#.......#
#.#.......#
#.#.........
#.#.......##
#.#.......# ..#....####
###


You could see an orc warrior, an orc priest and an orc.

Vanquished Creatures
  The ghost of pash1 the Skirmisher, a novice HuFi (D:6)
  Grinder (D:6)
  Eustachio (D:6)
  A sky beast (D:6)
  An ice beast (D:6)
  A necrophage (D:4)
  A centaur (D:8)
  5 bullfrogs
  A centaur zombie (D:6)
  4 crimson imps
  2 quasits
  4 hounds
  An orc priest (D:8)
  An orc wizard (D:3)
  A centaur skeleton (D:4)
  An iguana (D:5)
  3 worker ants
  A hound skeleton (D:4)
  7 gnolls
  6 adders
  A river rat (D:4)
  A shadow imp (D:6)
  2 adder zombies
  An adder skeleton (D:6)
  2 worms
  3 dart slugs
  3 leopard geckos
  19 orcs
  4 giant cockroaches
  4 goblins
  9 hobgoblins
  12 jackals
  4 kobolds
  2 quokkas
  6 ball pythons
  8 bats
  9 frilled lizards
  A jackal skeleton (D:7)
  A leopard gecko zombie (D:8)
  9 rats
145 creatures vanquished.

Notes
Turn   | Place    | Note
-------+----------+-------------------------------------------
     0 | D:1      | Chiseanne the Deep Elf Arcane Marksman began the quest for the Orb.
     0 | D:1      | Reached XP level 1. HP: 11/11 MP: 5/5
    49 | D:1      | Reached skill level 1 in Fighting
   418 | D:1      | Reached XP level 2. HP: 16/16 MP: 6/6
   937 | D:1      | Reached XP level 3. HP: 14/20 MP: 8/8
  1276 | D:2      | Found a shimmering altar of Xom.
  2328 | D:2      | Reached XP level 4. HP: 26/26 MP: 8/10
  3303 | D:3      | Reached XP level 5. HP: 31/31 MP: 9/11
  3389 | D:3      | Reached skill level 1 in Armour
  3582 | D:3      | Learned a level 2 spell: Slow
  4282 | D:4      | Got a crystal quarterstaff
  4283 | D:4      | Identified the +8 quarterstaff "Killer Klown's Foe" {antimagic, Fragile +Inv Int+3} (You found it on level 4 of the Dungeon)
  4288 | D:4      | Found a staircase to the Ecumenical Temple.
  4467 | Temple   | Entered the Ecumenical Temple
  4592 | Temple   | Became a worshipper of Gozag Ym Sagoz the Greedy
  4685 | D:4      | Got a fine dagger
  4692 | D:4      | Reached XP level 6. HP: 34/36 MP: 4/14
  5055 | D:5      | Entered Level 5 of the Dungeon
  5842 | D:4      | Reached skill level 5 in Dodging
  5842 | D:4      | Reached XP level 7. HP: 28/41 MP: 4/16
  5852 | D:4      | Reached skill level 5 in Spellcasting
  6944 | D:6      | Noticed pash1's ghost (novice HuFi)
  6973 | D:6      | Killed pash1's ghost
  6973 | D:6      | Reached XP level 8. HP: 15/48 MP: 5/19
  7334 | D:6      | Noticed Grinder
  7339 | D:6      | Noticed Eustachio
  7342 | D:6      | Killed Grinder
  7350 | D:6      | Killed Eustachio
  7752 | D:6      | Reached skill level 5 in Fighting
  8108 | D:7      | Reached XP level 9. HP: 51/54 MP: 7/22
  8168 | D:8      | HP: 1/54 [orc warrior/war axe of flaming (6)]
  8169 | D:8      | Mangled by an orc warrior

Skill      XL: |  1  2  3  4  5  6  7  8 |
---------------+-------------------------+-----
Fighting       | 1 2 3 4 5 |  5.1
Dodging        | 3 4 5 6 7 |  7.6
Spellcasting   | 2 3 4 6 7 |  7.9
Armour         | 1 2 3 4 |  4.6
Crossbows      | |  1.7
Hexes          | |  4.0

Action                   |  1- 3 |  4- 6 |  7- 9 || total
-------------------------+-------+-------+-------++-------
Melee: Hand axe          |    62 |    13 |       ||    75
       Quarterstaff      |       |    82 |   156 ||   238
 Fire: Hand crossbow     |    56 |    88 |       ||   144
 Cast: Corona            |    17 |    37 |     1 ||    55
Evoke: Wand              |       |       |     8 ||     8
  Use: Scroll            |     5 |     8 |     3 ||    16
       Potion            |       |     3 |     1 ||     4
 Stab: Distracted        |       |     1 |     2 ||     3
  Eat: Chunk             |     3 |     7 |       ||    10
       Royal jelly       |       |     2 |     1 ||     3
       Fruit             |       |     4 |       ||     4
       Bread ration      |       |       |     1 ||     1
Armor: Robe              |    16 |     4 |       ||    20
       Ring mail         |       |    30 |       ||    30
       Scale mail        |       |    80 |    99 ||   179
Dodge: Dodged            |    67 |   144 |   101 ||   312
